AoeStats
← CazadorGT

Black Forest

508705701Analyzed
2v2 RM · 9d ago on Sep 23, 2026· 43m 50s· 4 players
Game mode
Random Map
Map size
Medium (4 player)
Population
200
Speed
Normal
Resources
Standard
Victory
Conquest
Starting age
Dark Age
Ending age
Imperial Age
RankedLock teamsTeams togetherTeam positionsShared explorationLock speedFull tech treeHidden civsTurbo modeCheats
Victory
Defeat
🇧🇷 Danes · Brazil
1296
+11
🇧🇷 Saxons · Brazil
1111
+18
🇿🇦 Hindustanis · South Africa
1183
-15
🇬🇹 Armenians · Guatemala
1165
-14
CazadorGT
3:14 Loom
10:46 Feudal Age
10:55 Man-at-Arms
12:26 Forging
12:33 Arson
14:36 Long Swordsman
17:08 Fletching
17:50 Scale Mail Armor
18:22 Double-Bit Axe
19:24 Horse Collar
20:49 Wheelbarrow
21:20 Scale Mail Armor
27:09 Castle Age
26:12 Scale Mail Armor
27:47 Bodkin Arrow
28:32 Guard Tower
Uhtred
10:08 Loom
12:17 Feudal Age
19:21 Castle Age
17:40 Double-Bit Axe
19:09 Horse Collar
23:21 Bow Saw
23:43 Heavy Plow
26:13 Wheelbarrow
25:24 Town Watch
30:22 Imperial Age
28:32 Hand Cart
28:54 Fletching
29:05 Padded Archer Armor
29:45 Caravan
30:29 Ballistics
30:18 Bodkin Arrow
30:39 Leather Archer Armor
32:18 Chemistry
31:32 Scale Mail Armor
31:43 Forging
32:31 Chain Mail Armor
32:52 Conscription
33:29 Squires
33:15 Arson
33:18 Elite Ghulam
35:02 Shatagni
35:42 Thumb Ring
Stock_br
0:49 Loom
13:34 Feudal Age
18:15 Castle Age
16:41 Fishing Lines
19:45 Double-Bit Axe
20:01 Fletching
21:35 Crossbowman
32:19 Horse Collar
35:18 Wheelbarrow
35:55 Town Watch
37:47 Ballistics
38:23 Bodkin Arrow
41:40 Imperial Age
40:51 Gillnets
41:45 Padded Archer Armor
42:23 Bracer
43:25 Chemistry
42:57 Bow Saw
42:50 Heavy Plow
42:15 Capped Ram
42:23 Arbalester
43:51 Thumb Ring
44:15 Leather Archer Armor
44:03 Gambesons
44:20 Squires
44:31 Forging
frantiescolucas
3:41 Loom
11:55 Feudal Age
16:15 Castle Age
17:31 Horse Collar
17:39 Double-Bit Axe
18:28 Town Watch
20:12 Gold Mining
22:53 Arson
23:03 Gambesons
24:31 Wheelbarrow
24:48 Squires
25:44 Scale Mail Armor
26:52 Bow Saw
27:05 Chain Mail Armor
27:12 Heavy Plow
27:58 Forging
27:49 Hamask
29:31 Iron Casting
30:13 Gold Shaft Mining
31:16 Hand Cart
39:19 Imperial Age
38:39 Fletching
38:50 Padded Archer Armor
39:18 Bodkin Arrow
39:38 Fervor
39:56 Husbandry
40:06 Bloodlines
39:23 Cranequins
39:24 Heavy Mounted Crossbowman
40:21 Thumb Ring
40:33 Leather Archer Armor
40:24 Scale Barding Armor
41:26 Chemistry
40:56 Bracer
41:29 Ballistics
42:01 Conscription
41:46 Stone Mining
42:54 Ring Archer Armor
Connection lost

Rejoining the realm…

Still unreachable

The connection could not be restored.

Session expired

The server has moved on; the page needs a fresh start.